 Dungeon Crawl Stone Soup version 0.30-a0-782-ge64f9170bb (webtiles) character file.

Game seed: 4521466155332302781

256 sanka the Shooter (level 5, -7/45 HPs)
             Began as a Demigod Hunter on Feb 22, 2023.
             Mangled by Edmund
             ... wielding a +2 heavy flail
              (22 damage)
             ... on level 3 of the Dungeon.
             The game lasted 00:02:16 (2773 turns).

sanka the Shooter (Demigod Hunter)                  Turns: 2773, Time: 00:02:17

Health: -7/45      AC:  3    Str: 12    XL:     5   Next: 61%
Magic:  7/7        EV: 12    Int: 11    God:
Gold:   141        SH:  0    Dex: 21    Spells: 4/4 levels left

rFire   . . .      SeeInvis +    a - +0 shortbow
rCold   . . .      Faith    .    (shield currently unavailable)
rNeg    . . .      Spirit   .    c - +0 leather armour
rPois   .          Reflect  .    (no helmet)
rElec   .          Harm     .    (no cloak)
rCorr   .          Rampage  .    (no gloves)
Will    .....                    (no boots)
Stlth   ++                       (no amulet)
HPRegen 0.27/turn                (no ring)
MPRegen 0.10/turn                l - ring of see invisible

@: lethally poisoned (-7 -> -10)
A: high MP 1, forlorn, divine attributes
a: no special abilities


You were on level 3 of the Dungeon.
You visited 1 branch of the dungeon, and saw 4 of its levels.

You collected 141 gold pieces.


Innate Abilities, Weirdness & Mutations

You have an increased reservoir of magic. (+10% MP)
You shall have no god before yourself.
Your divine heritage dramatically boosts your attributes as you level up.


   Skills:
 - Level 3.0 Fighting
 + Level 6.1 Ranged Weapons
 - Level 1.7 Dodging
 - Level 0.8 Stealth


You had 4 spell levels left.
You didn't know any spells.
Your spell library contained the following spells:

 Spells                   Type           Power      Damage    Failure   Level
 Sandblast                Erth           0%         2d4       41%         1
 Passwall                 Tmut/Erth      0%         N/A       56%         2
 Stone Arrow              Conj/Erth      0%         3d7       80%         3
 Olgreb's Toxic Radiance  Pois           0%         N/A       99%         4
 Ozocubu's Refrigeration  Ice            0%         4d7       100%        7
 Ignition                 Fire           0%         3d3       100%        8

Inventory:

Hand Weapons
 a - a +0 shortbow (weapon)
Armour
 c - a +0 leather armour (worn)
 k - a +0 pair of boots
Jewellery
 l - a ring of see invisible (right hand)
Wands
 j - a wand of mindburst (14)
Scrolls
 b - a scroll of immolation {!r}
 g - a scroll of silence {unknown}
 i - 4 scrolls of identify {unknown}
 n - 2 scrolls of amnesia {unknown}
 p - 2 scrolls of blinking {unknown}
 q - a scroll of acquirement {unknown}
 r - 2 scrolls of poison {unknown}
 s - a scroll of teleportation {unknown}
Potions
 d - a potion of lignification {unknown}
 e - a potion of heal wounds {unknown}
 f - 2 potions of brilliance {unknown}
 h - a potion of ambrosia {unknown}
 m - 2 potions of attraction {unknown}
 o - a potion of degeneration {unknown}
 t - a potion of curing {unknown}

Dungeon Overview and Level Annotations

Branches:
Dungeon (4/15)             Temple (0/1) D:4

Annotations:
D:3 Edmund

.▒ ▒▒▒.▒▒▒▒▒▒ ▒....▒ .▒
▒....▒...▒ ▒▒▒▒.▒ .▒
▒....▒...▒.?▒ ▒.▒ .▒
▒....'._.#?.▒ ▒.▒ <▒
▒▒▒▒▒▒▒....▒...▒..▒ ▒.▒ ▒▒
▒..........▒...▒ ▒▒▒▒▒▒.▒▒▒
▒ ▒......▒▒.▒▒▒▒▒▒ ▒.......
▒▒▒▒▒▒▒......▒▒.▒▒▒
▒▒▒▒.▒▒▒
................p@▒▒ ▒.▒
▒▒▒▒▒▒▒......▒▒S▒▒.▒ ▒.▒
▒......▒▒.▒▒.▒▒▒▒▒ ▒.▒
▒......▒▒.▒▒.....▒▒▒▒▒▒.▒▒▒
▒......▒▒.▒▒▒▒▒▒..........▒
▒........÷................'
▒▒▒▒▒▒▒..............[....▒
▒....................
▒.....).............▒


You could see Edmund and an adder.


Message History

You shoot an arrow. The arrow closely misses Edmund.
Edmund hits you with a +2 heavy flail.
You shoot an arrow. The arrow hits Edmund!
Edmund is lightly wounded.
Edmund hits you with a +2 heavy flail!!
* * * LOW HITPOINT WARNING * * *
The adder barely misses you.
You shoot an arrow. The arrow hits Edmund!
Edmund is moderately wounded.
The adder bites you.
* * * LOW HITPOINT WARNING * * *
You are poisoned.
The adder poisons you! Edmund barely misses you.
Unknown command.
You feel sick. The adder bites you but does no damage.
You climb upwards.
You feel sick.
There is a stone staircase leading down here.
Unknown command.
Unknown command.
The adder attacks as you move away! The adder closely misses you.
Edmund attacks as you move away! Edmund hits you with a +2 heavy flail!!
You die...

Action                     |  1- 3 |  4- 6 || total
---------------------------+-------+-------++-------
   Fire: Shortbow          |    58 |   106 ||   164
 Armour: Leather armour    |     5 |     9 ||    14
  Dodge: Dodged            |    18 |    30 ||    48

Levels and vault maps discovered:
D:1:      spicycebolla_green_bress_n_ham_2, layout_basic
D:2:      minmay_inner_zag, layout_loops_ring, uniq_natasha
D:3:      layout_basic, zin_scriptorium
D:4:      layout_loops_ring, nicolae_overflow_hidden_temple,
          minmay_temple_entry_statues_fountains, nicolae_ossuary_entry_ruins,
          uniq_sigmund, uniq_edmund

Notes
Turn   | Place    | Note
-------+----------+-------------------------------------------
     0 | D:1      | sanka the Demigod Hunter began the quest for the Orb.
     0 | D:1      | Reached XP level 1. HP: 17/17 MP: 3/3
   113 | D:1      | Reached skill level 2 in Fighting
   259 | D:1      | Reached XP level 2. HP: 16/24 MP: 4/4
   586 | D:2      | Reached skill level 4 in Ranged Weapons
   590 | D:2      | Reached XP level 3. HP: 25/30 MP: 5/5
   748 | D:2      | Noticed Natasha
   859 | D:2      | Killed Natasha
   860 | D:2      | Reached skill level 3 in Fighting
   860 | D:2      | Reached XP level 4. HP: 38/38 MP: 6/6
  1053 | D:2      | Noticed Natasha
  1061 | D:2      | Killed Natasha
  1062 | D:2      | Reached skill level 5 in Ranged Weapons
  1556 | D:2      | Noticed Natasha
  1561 | D:2      | Killed Natasha
  2217 | D:3      | Noticed a necrophage
  2223 | D:3      | Killed a necrophage
  2224 | D:3      | Reached XP level 5. HP: 45/45 MP: 7/7
  2492 | D:3      | Reached skill level 6 in Ranged Weapons
  2762 | D:4      | Found a staircase to the Ecumenical Temple.
  2763 | D:4      | Noticed Edmund
  2773 | D:3      | Mangled by Edmund

Vanquished Creatures
  A necrophage (D:3)
  Natasha (thrice) (D:2)
  2 adders
  4 gnolls (D:2)
  2 worms
  2 dart slugs
  2 orcs (D:3)
  5 endoplasms
  A giant cockroach (D:3)
  4 goblins
  5 hobgoblins
  6 jackals
  4 kobolds
  2 quokkas
  2 ball pythons (D:2)
  4 bats
  4 frilled lizards (D:2)
  5 rats
58 creatures vanquished.
